 Dungeon Crawl Stone Soup version 0.23.2-33-g5129a83184 (webtiles) character file.

Game seed: 677717814696286123

639 DildoBatman the Conjurer (level 7, -4/46 HPs)
             Began as a Formicid Wizard on Aug 12, 2019.
             Was an Initiate of Kikubaaqudgha.
             Slain by an ice beast (11 damage)
             ... on level 5 of the Dungeon.
             The game lasted 00:16:57 (4764 turns).

DildoBatman the Conjurer (Formicid Wizard)          Turns: 4764, Time: 00:16:58

Health: -4/46      AC:  4    Str: 18    XL:     7   Next: 80%
Magic:  1/11       EV: 12    Int: 20    God:    Kikubaaqudgha [......]
Gold:   183        SH:  3    Dex:  9    Spells: 5/12 levels left

rFire    . . .     SeeInvis +   a - +0 halberd
rCold    . . .     Gourm    .   (no shield)
rNeg     . . .     Faith    .   s - +0 robe
rPois    .         Spirit   .   (helmet unavailable)
rElec    .         Reflect  +   I - +0 cloak
rCorr    .         Harm     .   (no gloves)
MR       .....                  p - +0 pair of boots
Stlth    ++........             n - +3 amulet of reflection
HPRegen  0.15/turn              C - ring of fire
MPRegen  0.12/turn              E - ring of Lady Luck {Ice Str+7}

@: no status effects
A: permanent stasis, dig shafts and tunnels, four strong arms, antennae 3
a: Dig, Shaft Self, Renounce Religion


You were on level 5 of the Dungeon.
You worshipped Kikubaaqudgha.
Kikubaaqudgha was noncommittal.
You were not hungry.

You visited 2 branches of the dungeon, and saw 6 of its levels.

You collected 183 gold pieces.

Inventory:

Hand Weapons
 a - a +0 halberd (weapon)
 b - a +0 short sword
 w - a +0 spear
 y - a +0 mace
Missiles
 i - 51 sling bullets
 j - 111 stones (quivered)
 r - 2 tomahawks
 u - 15 bolts
 B - 11 arrows
Armour
 e - a cursed +0 shield
 p - a +0 pair of boots (worn)
 s - a +0 robe (worn)
 x - a +0 large shield
 I - a +0 cloak (worn)
Jewellery
 g - an uncursed ring of protection from cold
 n - a +3 amulet of reflection (around neck)
 C - a ring of fire (left hand)
 E - the ring of Lady Luck (right hand) {Ice Str+7}
   (You found it on level 4 of the Dungeon)

   [ring of ice]

   It enhances your ice magic.
   It affects your strength (+7).
   It makes you vulnerable to fire.
   It protects you from cold.
Wands
 G - a wand of clouds (5)
 K - a wand of iceblast (9)
Scrolls
 f - 4 scrolls of teleportation {unknown}
 h - 4 scrolls of remove curse {unknown}
 k - 2 scrolls of blinking {unknown}
 l - 2 scrolls of fear {unknown}
 q - 2 scrolls of identify {unknown}
 t - 3 scrolls of enchant armour {unknown}
Potions
 c - 2 potions of brilliance {unknown}
 d - 2 potions of curing {unknown}
 m - 2 potions of agility {unknown}
 o - 2 potions of invisibility {unknown}
 z - a potion of heal wounds {unknown}
 A - 2 potions of degeneration {unknown}
 D - a potion of berserk rage {unknown}
 F - a potion of flight {unknown}
 H - a potion of might {unknown}
 L - a potion of mutation {unknown}
Comestibles
 v - 7 rations


   Skills:
 - Level 1.7 Dodging
 - Level 3.3 Stealth
 - Level 3.2 Spellcasting
 - Level 6.0 Conjurations
   Level 1.0 Summonings
   Level 0.8 Translocations
 * Level 1.9 Fire Magic
 * Level 1.5 Air Magic
 * Level 2.6 Poison Magic


You had 5 spell levels left.
You knew the following spells:

 Your Spells              Type           Power        Failure   Level  Hunger
a - Conjure Flame         Conj/Fire      ####....     9%          3    ###....
c - Magic Dart            Conj           ####         1%          1    None
e - Mephitic Cloud        Conj/Pois/Air  ###.....     11%         3    ###....

Your spell library contained the following spells:

 Spells                   Type           Power        Failure   Level  Hunger
 Dazzling Spray           Conj/Hex       ###...       12%         3    ###....
 Beastly Appendage        Tmut           #.....       14%         1    None
 Corona                   Hex            #......      14%         1    None
 Call Imp                 Summ           #.......     14%         2    ##.....
 Ensorcelled Hibernation  Hex/Ice        #.....       22%         2    ##.....
 Slow                     Hex            #.......     22%         2    ##.....
 Sticks to Snakes         Tmut           #.......     22%         2    ##.....
 Spider Form              Tmut/Pois      #.........   24%         3    ###....
 Confuse                  Hex            #.......     38%         3    ###....
 Tukima's Dance           Hex            #.......     38%         3    ###....
 Ice Form                 Ice/Tmut       #.......     80%         4    ####...
 Blade Hands              Tmut           #.........   98%         5    ######.
 Blink                    Tloc           Unusable     N/A         2    N/A

Dungeon Overview and Level Annotations

Branches:
Dungeon (5/15)             Temple (1/1) D:4

Altars:
Ashenzari
Cheibriados
Dithmenos
Elyvilon
Fedhas
Gozag
Hepliaklqana
Kikubaaqudgha
Makhleb
Okawaru
Qazlal
Ru
Sif Muna
Uskayaw
Wu Jian
Xom
Yredelemnul
Zin
The Shining One


Innate Abilities, Weirdness & Mutations

You cannot be hasted, slowed, berserked, paralysed or teleported.
You can dig through walls and to a lower floor.
Your four strong arms can wield two-handed weapons with a shield.
You have a pair of large antennae on your head. (SInv)


Message History

The magic dart hits the ice beast but does no damage.
The ice beast is severely wounded.
The ice beast barely misses you.
Casting: Magic Dart (safe; 1% risk of failure)
Confirm with . or Enter, or press ? or * to list all spells.
Aiming: Magic Dart (safe; 1% risk of failure)
Press: ? - help, Shift-Dir - straight line, f/p - ice beast
Aim: an ice beast (severely wounded)
The magic dart hits the ice beast.
The ice beast is severely wounded.
The ice beast hits you. The ice beast freezes you!
You hit the ice beast.
The ice beast is almost dead.
The ice beast hits you. The ice beast freezes you! The ice beast hits you.
The ice beast freezes you!
You die...
Kikubaaqudgha rasps: "You have failed me!
Welcome... death!"

######## #......###
.........##
...##.....##
..######...# ### .##
##..## #.# .#
##..####@# .##
#....##Y######### ..##
##..........Y...### .
...##
##...............####..
#...##
##...######...........
##...### #####
###......# ##....###
#......# ##.....##
##.....# ##[....#
#.....##


You could see an ice beast.

Vanquished Creatures
  An ogre (D:3)
  3 orc priests
  4 hounds (D:4)
  2 orc wizards (D:5)
  A centaur skeleton (D:4)
  An iguana (D:4)
  Ijyb (D:1)
  A worker ant (D:4)
  4 adders
  4 gnolls (D:2)
  A shadow imp (D:5)
  An ooze (D:1)
  4 worms
  3 dart slugs
  3 leopard geckos
  12 orcs
  3 ball pythons
  10 bats
  4 giant cockroaches
  9 goblins
  2 hobgoblins
  8 kobolds
  3 quokkas
  7 frilled lizards
  A leopard gecko zombie (D:5)
  6 rats
99 creatures vanquished.

Notes
Turn   | Place    | Note
-------+----------+-------------------------------------------
     0 | D:1      | DildoBatman the Formicid Wizard began the quest for the
                  | Orb.
     0 | D:1      | Reached XP level 1. HP: 13/13 MP: 4/4
     7 | D:1      | Reached skill level 1 in Conjurations
   134 | D:1      | Reached XP level 2. HP: 19/19 MP: 3/6
   288 | D:1      | Reached skill level 2 in Conjurations
   531 | D:1      | Reached XP level 3. HP: 24/24 MP: 3/7
   536 | D:1      | Learned a level 3 spell: Conjure Flame
   540 | D:1      | Learned a level 3 spell: Mephitic Cloud
  1099 | D:2      | Reached skill level 3 in Conjurations
  1230 | D:2      | Reached XP level 4. HP: 29/30 MP: 2/8
  1800 | D:2      | Reached skill level 4 in Conjurations
  1800 | D:2      | Reached XP level 5. HP: 14/35 MP: 0/9
  1888 | D:3      | Noticed Ijyb
  2388 | D:3      | Noticed an ogre
  2504 | D:3      | Reached skill level 5 in Conjurations
  2504 | D:3      | Reached XP level 6. HP: 29/41 MP: 1/10
  2574 | D:3      | Killed an ogre
  3067 | D:4      | Reached skill level 6 in Conjurations
  3132 | D:4      | Reached XP level 7. HP: 46/46 MP: 4/11
  3158 | D:4      | Got a sparkling amber ring
  3160 | D:4      | Identified the ring of Lady Luck {Ice Str+7} (You found it
                  | on level 4 of the Dungeon)
  3381 | D:4      | Found a blossoming altar of Fedhas.
  3476 | D:4      | Reached skill level 1 in Poison Magic
  3554 | D:4      | Reached skill level 1 in Fire Magic
  3604 | D:4      | Reached skill level 1 in Air Magic
  3951 | D:4      | Found a staircase to the Ecumenical Temple.
  4013 | Temple   | Entered the Ecumenical Temple
  4126 | Temple   | Became a worshipper of Kikubaaqudgha
  4403 | D:1      | Killed Ijyb
  4471 | D:5      | Entered Level 5 of the Dungeon
  4634 | D:5      | Found a snail-covered altar of Cheibriados.
  4672 | D:5      | Found an iron altar of Okawaru.
  4764 | D:5      | Slain by an ice beast

Skill      XL: |  1  2  3  4  5  6  7 |
---------------+----------------------+-----
Conjurations   | 1 2 3 4 5 6 |  6.0
Poison Magic   | 2 |  2.6
Fire Magic     | 1 |  1.9
Air Magic      | 1 |  1.5
Stealth        | 3 |  3.3
Dodging        | |  1.7
Spellcasting   | |  3.2
Summonings     | |  1.0
Translocations | |  0.8

Action                   |  1- 3 |  4- 6 |  7- 9 || total
-------------------------+-------+-------+-------++-------
Melee: Halberd           |       |    39 |    66 ||   105
       Short sword       |       |    11 |       ||    11
 Cast: Magic Dart        |    65 |   113 |    29 ||   207
       Conjure Flame     |     1 |     4 |     2 ||     7
       Mephitic Cloud    |       |    13 |     9 ||    22
 Abil: Dig               |     4 |     4 |     4 ||    12
 Stab: Confused          |       |     3 |     4 ||     7
  Eat: Chunk             |     2 |     8 |     6 ||    16
Armor: Robe              |     3 |     2 |     4 ||     9
Dodge: Dodged            |     8 |    26 |    10 ||    44
Block: Other             |     2 |     2 |     2 ||     6
       Reflection        |     1 |       |       ||     1
